 Dungeon Crawl Stone Soup version 0.19.0-2-gae57169 (webtiles) character file.

1906 Azmund the Covert (level 9, -2/42 HPs)
             Began as a Vine Stalker Assassin on Nov 6, 2016.
             Was a Believer of Okawaru.
             Slain by an orc warrior
             ... wielding a +0 great mace
              (15 damage)
             ... on level 5 of the Dungeon.
             The game lasted 00:16:34 (5781 turns).

Azmund the Covert (Vine Stalker Assassin)           Turns: 5781, Time: 00:16:35

Health: -2/42      AC:  8    Str: 13    XL:     9   Next: 16%
Magic:  0/10       EV: 11    Int: 14    God:    Okawaru [**....]
Gold:   325        SH:  4    Dex: 20    Spells: 1 memorised, 5 levels left

rFire  . . .     SeeInvis .     b - +0 blowgun
rCold  . . .     Gourm    .     w - +0 leather armour
rNeg   . . .     Faith    .     (no shield)
rPois  +         Spirit   +     q - +2 helmet
rElec  .         Reflect  +     d - +0 cloak
rCorr  .         Harm     .     (no gloves)
MR     +....                    I - +0 pair of boots
Stlth  ++++......               i - +4 amulet of reflection
                                v - +3 ring of dexterity
                                J - ring of poison resistance

@: no status effects
A: fangs 3, regeneration 1, magic shield, antimagic bite, no device heal 3, rot
immunity
a: Heroism, Renounce Religion


You were on level 5 of the Dungeon.
You worshipped Okawaru.
Okawaru was pleased with you.
You were not hungry.

You visited 2 branches of the dungeon, and saw 7 of its levels.
You also visited: Ossuary.

You collected 325 gold pieces.

Inventory:

Hand Weapons
 b - a +0 blowgun (weapon)
 B - a +5 dagger
 D - a +0 long sword
Missiles
 e - 28 poisoned needles (quivered)
 f - 2 curare-tipped needles
Armour
 c - a +0 robe
 d - a +0 cloak (worn)
 q - a +2 helmet (worn)
 w - a +0 leather armour (worn)
 x - a +0 scale mail
 G - a +1 helmet
 I - a +0 pair of boots (worn)
Jewellery
 h - an uncursed ring of ice
 i - a +4 amulet of reflection (around neck)
 v - a +3 ring of dexterity (right hand)
 A - an uncursed amulet of faith
 J - a ring of poison resistance (left hand)
 L - an uncursed ring of protection from cold {unknown}
 M - a cursed -3 ring of protection {unknown}
Wands
 a - a wand of flame (34/48)
Scrolls
 l - 3 scrolls of remove curse
 m - a scroll of teleportation
 p - 8 scrolls of identify
 y - a scroll of magic mapping {unknown}
 C - a scroll of fear {unknown}
 F - 3 scrolls of fog
Potions
 n - a potion of brilliance {unknown}
 o - 2 potions of berserk rage {unknown}
 r - 5 potions of curing
 s - a potion of lignification {unknown}
 u - a potion of haste {unknown}
 E - 2 potions of magic {unknown}
 H - a potion of invisibility {unknown}
Books
 z - a book of Misfortune

   Spells                             Type                      Level
   a - Confusing Touch                Hexes                        1
   b - Confuse                        Hexes                        3
   c - Gell's Gravitas                Hexes/Translocation          3
   d - Petrify                        Transmutation/Earth          4
   e - Metabolic Englaciation         Hexes/Ice                    5
   f - Yara's Violent Unravelling     Hexes/Transmutation          5
Comestibles
 g - 5 bread rations
 j - a meat ration
 k - 5 fruits
 K - 7 chunks of flesh


   Skills:
 - Level 1.7 Fighting
 * Level 7.7 Short Blades
 - Level 1.7 Throwing
 - Level 0.2 Armour
 - Level 0.7 Dodging
 + Level 9.4 Stealth
 + Level 5.1 Hexes


You had 5 spell levels left.
You knew the following spells:

 Your Spells              Type           Power        Failure   Level  Hunger
a - Confuse               Hex            ##......     14%         3    ####...


Dungeon Overview and Level Annotations

Branches:
Dungeon (6/15)             Temple (1/1) D:4

Altars:
Ashenzari
Elyvilon
Gozag
Hepliaklqana
Kikubaaqudgha
Makhleb
Nemelex Xobeh
Okawaru
Ru
Sif Muna
Uskayaw
Xom
Yredelemnul
Zin
The Shining One

Shops:
D:6 [


Innate Abilities, Weirdness & Mutations

You have razor-sharp teeth.
Your natural rate of healing is unusually fast.
When hurt, damage is shared between your health and your magic reserves.
Your bite disrupts and absorbs the magic of your enemies.
Potions and wands cannot restore your health.
You are immune to rotting.


Message History

You climb upwards.
There is a stone staircase leading down here.
Quiver which item? (- for none, * to show all) (? for menu, Esc to quit)
Okay, then.
The orc warrior no longer looks unusually strong.
You see here an enchanted hand axe.
Firing (i - inventory. (,) - cycle):
e - 30 poisoned needles (quivered)
Press: ? - help, Shift-Dir - straight line, f - orc warrior
Aim: an orc warrior, wielding a great mace, wearing a plate armour and wearing an agate ring You shoot a poisoned needle.
The poisoned needle hits the orc warrior.
Firing (i - inventory. (,) - cycle):
e - 29 poisoned needles (quivered)
Press: ? - help, Shift-Dir - straight line, f/p - orc warrior
Aim: an orc warrior, wielding a great mace, wearing a plate armour and wearing an agate ring You shoot a poisoned needle.
The poisoned needle hits the orc warrior.
The orc warrior is poisoned.
The orc warrior hits you with a great mace!!
The orc warrior hits you with a great mace!!
You die...

# ###.#######
#.#.##.# #
#.........# #.#.##.#
# #.###########
#......#
###.#.#.#...'.#
###.####
#.(.#'#'#'###.#####
#.#
###.#.#.'...'.#.....#
#.#
......###...###.....#
####.####
......#.'^..'.#.....#
#.....>.#
.....##'#'#'#'#o@...#
#.....#.#
###.###.#.#.#.#..)..#
#.###.#.#
###...#########.#####
#.# #.#.# >....##
#.##.##.# #.###.#.#
.###.# #.......#
###.....#.#
.###.#######.####
##.#.......#
..#......# #)#
##...##.#####
..#..###.# #.#
##.......# ..#..###.#
#.######.......##


You could see an orc warrior.

Vanquished Creatures
  2 orc warriors
  An ice beast (D:5)
  A phantom (D:5)
  A centaur (D:5)
  4 ogres
  An elf zombie (D:5)
  3 bullfrogs
  An elf skeleton (D:5)
  A scorpion (D:6)
  2 hounds
  A jelly (D:5)
  6 orc wizards
  4 orc priests
  2 iguanas
  4 human skeletons (D:5)
  2 mummies
  2 gnolls (D:6)
  5 adders
  A shadow imp (D:4)
  2 worms
  5 dart slugs
  3 leopard geckos
  22 orcs
  A ball python (D:1)
  11 bats
  5 giant cockroaches
  8 goblins
  10 hobgoblins
  8 jackals
  11 kobolds
  2 quokkas (D:3)
  7 frilled lizards
  A hobgoblin zombie (Ossuary)
  A kobold zombie (Ossuary)
  An orc zombie (Ossuary)
  3 rats
145 creatures vanquished.

Notes
Turn   | Place    | Note
-------+----------+-------------------------------------------
     0 | D:1      | Azmund the Vine Stalker Assassin began the quest for the Orb.
     0 | D:1      | Reached XP level 1. HP: 11/11 MP: 2/2
    34 | D:1      | Reached skill level 5 in Stealth
    64 | D:1      | Reached XP level 2. HP: 5/15 MP: 1/3
   675 | D:1      | Reached XP level 3. HP: 9/18 MP: 4/4
  1590 | D:2      | Found a burning altar of Makhleb.
  1608 | D:2      | Reached skill level 6 in Stealth
  1608 | D:2      | Gained mutation: Your natural rate of healing is unusually fast. [Vine Stalker growth]
  1608 | D:2      | Reached XP level 4. HP: 13/23 MP: 3/5
  2170 | D:3      | Found a glowing golden altar of the Shining One.
  2246 | D:3      | Reached XP level 5. HP: 26/26 MP: 6/6
  2321 | D:3      | Learned a level 3 spell: Confuse
  3017 | D:4      | Found a sacrificial altar of Ru.
  3017 | D:4      | Found a faded altar of an unknown god.
  3022 | D:4      | Found a faded altar of an unknown god.
  3024 | D:4      | Found a faded altar of an unknown god.
  3026 | D:4      | Found a faded altar of an unknown god.
  3340 | D:4      | Reached skill level 1 in Hexes
  3381 | D:4      | Reached XP level 6. HP: 30/30 MP: 7/7
  3490 | D:4      | Reached skill level 7 in Stealth
  3724 | D:4      | Found a staircase to the Ecumenical Temple.
  3760 | D:4      | Reached XP level 7. HP: 34/34 MP: 8/8
  3850 | D:4      | Reached skill level 5 in Short Blades
  3942 | Temple   | Entered the Ecumenical Temple
  3963 | Temple   | Became a worshipper of Warmaster Okawaru
  4001 | D:5      | Entered Level 5 of the Dungeon
  4034 | D:5      | Found a sparkling altar of Nemelex Xobeh.
  4476 | D:5      | Found a sand-covered staircase.
  4478 | D:5      | Reached * piety under Okawaru
  4481 | Ossuary  | Entered an ossuary
  4509 | Ossuary  | Reached skill level 8 in Stealth
  4575 | D:5      | Gained mutation: You have razor-sharp teeth. [Vine Stalker growth]
  4575 | D:5      | Reached XP level 8. HP: 25/38 MP: 9/9
  5119 | D:6      | Reached ** piety under Okawaru
  5135 | D:6      | Found a deep blue altar of Sif Muna.
  5271 | D:5      | Reached skill level 9 in Stealth
  5388 | D:6      | Reached XP level 9. HP: 42/42 MP: 10/10
  5401 | D:6      | Found a white marble altar of Elyvilon.
  5535 | D:6      | Reached skill level 5 in Hexes
  5683 | D:6      | Found Zonaeca's Armour Boutique.
  5781 | D:5      | Slain by an orc warrior

Skill      XL: |  1  2  3  4  5  6  7  8  9 |
---------------+----------------------------+-----
Stealth        | 5 6 7 8 9 |  9.4
Short Blades   | 2 3 4 5 7 |  7.7
Hexes          | 1 2 3 4 5 |  5.1
Fighting       | |  1.7
Throwing       | |  1.7
Armour         | |  0.2
Dodging        | |  0.7

Action                   |  1- 3 |  4- 6 |  7- 9 || total
-------------------------+-------+-------+-------++-------
Melee: Dagger            |   109 |   146 |   228 ||   483
       Bite              |    16 |    33 |    76 ||   125
 Fire: Blowgun           |       |    12 |    42 ||    54
 Cast: Confuse           |       |       |     1 ||     1
Evoke: Wand              |       |       |     1 ||     1
  Use: Scroll            |       |       |     4 ||     4
       Potion            |       |       |     1 ||     1
 Stab: Sleeping          |    13 |    14 |     5 ||    32
       Confused          |       |       |     1 ||     1
  Eat: Chunk             |     2 |     5 |     7 ||    14
       Beef jerky        |       |     1 |       ||     1
Armor: Robe              |    22 |       |       ||    22
       Leather armour    |     6 |     1 |    13 ||    20
       Scale mail        |       |    43 |    51 ||    94
Dodge: Dodged            |    49 |    41 |    63 ||   153
Block: Other             |     6 |    21 |    23 ||    50
       Reflection        |       |       |     4 ||     4
